Map: Oxide LE

Players

Lemon

  • Race: Terran Terran

ButAlways - Winner!

  • Race: Protoss Protoss

Event: DreamHack SC2 Masters 2021 Fall

VOD

Have the link to the VOD?

Description

Time

  • Played on: July 29, 2021, 7:43 a.m.
  • Length: 9:20

All games in this series

Show
View Real Time Build Order
Export as new Build Order

Lemon Terran 

Build Orders: Cyclone Opening 

Get SALT Encoding   

  12  0:00  SCV  
  13  0:12  SCV  
  14  0:16  Supply Depot  
  14  0:24  SCV  
  15  0:38  SCV  
  15  0:40  Barracks  
  15  0:42  Refinery  
  16  0:50  SCV  
  17  1:02  SCV  
  18  1:14  SCV  
  19  1:27  Marine, Orbital Command  
  20  1:43  Command Center  
  20  1:55  Factory  
  20  1:59  SCV  
  21  2:03  Barracks Reactor  
  21  2:09  Supply Depot  
  21  2:12  SCV  
  22  2:24  Bunker  
  22  2:25  SCV  
  22  2:27  Refinery  
  23  2:37  SCV  
  24  2:38  Factory Tech Lab  
  24  2:43  Marine x2  
  26  2:49  SCV  
  27  2:57  Orbital Command  
  30  2:59  Cyclone  
  30  3:02  Marine x2  
  32  3:15  SCV  
  32  3:16  Starport  
  33  3:22  SCV  
  34  3:27  Marine x2  
  34  3:30  SCV  
  37  3:37  SCV  
  38  3:42  SCV, Supply Depot  
  38  3:46  Barracks  
  39  3:49  Marine, SCV  
  39  3:50  Marine  
  39  3:54  SCV  
  43  3:56  Barracks  
  45  4:04  SCV  
  45  4:06  SCV  
  47  4:10  Viking  
  47  4:15  Marine x2  
  47  4:16  SCV  
  47  4:17  Factory Tech Lab  
  47  4:18  SCV  
  47  4:20  Engineering Bay  
  48  4:27  Supply Depot  
  48  4:28  SCV  
  48  4:30  SCV  
  50  4:33  Marine x2  
  52  4:41  SCV  
  52  4:42  SCV, Stimpack  
  52  4:43  Refinery  
  54  4:49  Marauder  
  54  4:51  Combat Shield  
  54  4:52  Factory Reactor, Marauder, Starport Reactor  
  57  4:53  Marine x2  
  57  4:54  SCV  
  57  4:55  SCV  
  57  4:57  Supply Depot  
  61  5:02  Terran Infantry Weapons Level 1  
  61  5:06  SCV  
  62  5:18  Marine x2  
  62  5:19  SCV x2, Marauder x2  
  70  5:21  Supply Depot  
  70  5:23  Supply Depot  
  68  5:29  Medivac  
  68  5:34  Refinery  
  70  5:40  Supply Depot  
  70  5:42  Medivac  
  70  5:43  SCV x2, Widow Mine x2  
  70  5:45  Marine x2, Marauder x2  
  84  5:56  SCV x2  
  84  6:05  Marine x2  
  84  6:06  Widow Mine x2  
  84  6:09  SCV x2  
  84  6:10  Command Center  
  92  6:16  Supply Depot  
  92  6:17  Medivac  
  93  6:28  SCV  
  94  6:37  Concussive Shells, Medivac  
  94  6:38  SCV, Barracks, Marauder x2  
  101  6:40  SCV  
  101  6:44  Barracks  
  102  6:58  Marine x2  
  102  7:00  SCV  
  102  7:03  Marauder  
  102  7:07  Viking  
  102  7:11  Terran Infantry Armor Level 1, Marauder  
  102  7:14  Viking, SCV x2  
  102  7:19  Supply Depot x2  
  102  7:21  Factory Tech Lab  
  100  7:28  Marauder  
  102  7:35  Marine x2  
  102  7:36  Marauder  
  106  7:39  Orbital Command  
  106  7:44  Barracks Tech Lab  
  106  7:45  Marine x2  
  106  7:46  Widow Mine  
  106  7:47  Viking x2  
  106  7:49  Marauder  
  116  7:57  Marauder  
  115  8:01  SCV  
  115  8:02  SCV  
  114  8:09  Armory  
  114  8:11  Engineering Bay  
  110  8:13  SCV  
  110  8:18  Marine x3, Marauder x2  
  110  8:19  Viking x2  
  122  8:21  Siege Tank  
  122  8:22  SCV  
  122  8:23  SCV  
  125  8:34  Marine, Marauder  
  114  8:36  Marine  
  114  8:39  Marauder  
  114  8:40  Marine  
  114  8:41  Marauder  
  107  8:43  Marine  
  108  8:49  Viking  
  108  8:51  Marine  
  113  8:55  Marauder  
  113  8:59  Marine x2  
Show
View Real Time Build Order
Export as new Build Order

ButAlways Protoss - Winner!

Build Orders: 1 Gate Expand, Phoenix Opening, Colossus Rush 

Get SALT Encoding   

  12  0:00  Probe  
  13  0:12  Probe  
  14  0:17  Pylon  
  14  0:24  Probe  
  15  0:35  Gateway  
  15  0:37  Probe (Chrono Boost)  
  16  0:47  Probe (Chrono Boost)  
  16  0:48  Assimilator  
  17  0:52  Probe (Chrono Boost)  
  18  1:04  Probe  
  20  1:22  Nexus  
  19  1:30  Cybernetics Core  
  19  1:34  Probe  
  19  1:39  Assimilator  
  20  1:46  Probe (Chrono Boost)  
  21  1:49  Pylon  
  21  1:58  Probe (Chrono Boost)  
  22  2:03  Probe (Chrono Boost)  
  22  2:04  Adept (Chrono Boost)  
  25  2:12  Probe  
  26  2:19  Stargate  
  25  2:26  Probe (Chrono Boost)  
  25  2:27  Adept  
  28  2:33  Warp Gate  
  28  2:34  Probe (Chrono Boost)  
  30  2:42  Probe (Chrono Boost)  
  30  2:43  Probe (Chrono Boost)  
  31  2:48  Probe (Chrono Boost)  
  31  2:49  Probe  
  33  3:01  Probe x2  
  33  3:03  Phoenix  
  37  3:13  Probe x2  
  37  3:15  Adept  
  41  3:21  Robotics Facility  
  41  3:24  Pylon  
  41  3:25  Probe x2  
  43  3:30  Phoenix  
  45  3:37  Probe  
  45  3:39  Assimilator  
  45  3:41  Assimilator  
  46  3:42  Probe  
  47  3:49  Probe  
  47  3:50  Shield Battery  
  47  3:54  Probe  
  47  3:55  Phoenix  
  49  3:57  Pylon  
  51  4:03  Probe  
  51  4:07  Probe  
  53  4:14  Robotics Bay  
  53  4:15  Probe  
  54  4:19  Probe  
  54  4:22  Immortal  
  59  4:30  Pylon  
  59  4:31  Pylon  
  59  4:41  Gateway x2  
  59  4:42  Phoenix (Chrono Boost)  
  61  4:52  Pylon, Probe  
  62  4:55  Probe  
  63  5:02  Phoenix (Chrono Boost)  
  63  5:03  Colossus (Chrono Boost)  
  71  5:09  Sentry  
  73  5:21  Nexus  
  73  5:27  Phoenix  
  75  5:32  Pylon  
  75  5:34  Extended Thermal Lance  
  75  5:37  Shield Battery  
  75  5:48  Gateway  
  75  5:56  Phoenix  
  75  6:02  Zealot x3  
  81  6:07  Colossus (Chrono Boost)  
  81  6:09  Pylon  
  87  6:19  Gateway  
  87  6:24  Sentry  
  87  6:25  Zealot  
  91  6:27  Pylon  
  91  6:31  Gateway  
  91  6:37  Zealot  
  93  6:40  Phoenix  
  93  6:44  Pylon  
  93  6:46  Zealot  
  93  6:47  Observer (Chrono Boost)  
  98  6:55  Zealot x2  
  102  7:05  Colossus (Chrono Boost)  
  102  7:06  Phoenix  
  110  7:19  Sentry  
  110  7:21  Sentry  
  114  7:30  Nexus  
  114  7:35  Stalker  
  116  7:40  Pylon  
  116  7:41  Warp Prism (Chrono Boost)  
  118  7:56  Stalker  
  117  8:00  Stalker x3  
  117  8:02  Phoenix  
  125  8:14  Pylon x2  
  125  8:15  Pylon  
  125  8:24  Pylon  
  125  8:29  Pylon  
  111  8:38  Phoenix  
  103  8:46  Sentry x2  
  103  8:47  Zealot x3  
  117  9:05  Stalker  
  115  9:10  Stalker x3  

Tags
 
Add a new tag
Caveats
  • Supply blocks, unpowered buildings, or Contaminate may cause inaccurate times.
  • Supply counts are checked every 10 seconds.